Map: Battle on the Boardwalk LE

Players

puCK (Nina) - Winner!

  • Race: Protoss Protoss
  • League: Master
  • Spawn Location: 1:00

tyty (TY)

  • Race: Terran Terran
  • Spawn Location: 11:00

VOD

Have the link to the VOD?

Description

Time

  • Played on: Nov. 15, 2017, 12:35 a.m.
  • Length: 10:43
Show
View Real Time Build Order
Export as new Build Order

puCK Protoss - Winner!

Build Orders: Proxy Void Ray 

Get SALT Encoding   

  12  0:00  Probe  
  13  0:13  Probe  
  14  0:17  Pylon  
  14  0:25  Probe  
  15  0:37  Gateway  
  15  0:38  Probe (Chrono Boost)  
  16  0:48  Assimilator  
  16  0:49  Probe (Chrono Boost)  
  17  0:52  Probe  
  18  0:59  Assimilator  
  18  1:04  Probe  
  19  1:16  Probe  
  20  1:26  Cybernetics Core  
  20  1:28  Probe  
  21  1:40  Probe  
  21  1:41  Pylon  
  22  1:50  Pylon  
  22  1:53  Probe  
  23  2:02  Stalker (Chrono Boost)  
  23  2:03  Stargate  
  23  2:08  Warp Gate  
  25  2:16  Probe  
  25  2:22  Stalker (Chrono Boost)  
  28  2:50  Pylon  
  28  2:53  Void Ray (Chrono Boost)  
  28  2:54  Pylon  
  32  3:10  Nexus  
  32  3:14  Shield Battery  
  32  3:17  Shield Battery  
  32  3:21  Shield Battery  
  32  3:34  Pylon  
  32  3:45  Void Ray (Chrono Boost)  
  36  3:56  Pylon  
  36  4:09  Probe  
  37  4:17  Twilight Council  
  37  4:21  Probe  
  37  4:23  Shield Battery  
  38  4:25  Stalker  
  40  4:33  Probe  
  41  4:40  Void Ray (Chrono Boost)  
  41  4:43  Probe  
  46  4:47  Probe  
  47  5:01  Stalker  
  47  5:04  Probe  
  47  5:05  Probe  
  51  5:10  Blink (Chrono Boost)  
  51  5:13  Shield Battery  
  49  5:35  Probe x2  
  49  5:38  Gateway  
  49  5:39  Gateway  
  49  5:41  Stalker  
  51  5:46  Shield Battery  
  51  5:47  Probe  
  51  5:48  Probe  
  51  5:49  Shield Battery  
  53  5:51  Gateway  
  53  5:59  Gateway, Probe  
  53  6:01  Probe  
  53  6:11  Probe  
  53  6:16  Probe  
  53  6:24  Probe  
  53  6:25  Gateway  
  54  6:26  Gateway  
  54  6:28  Probe  
  55  6:36  Probe  
  56  6:40  Probe  
  56  6:43  Stalker, Pylon  
  56  6:46  Stalker  
  61  6:47  Pylon  
  61  6:48  Pylon  
  61  6:50  Shield Battery  
  61  7:01  Charge  
  61  7:03  Forge  
  61  7:04  Stalker  
  61  7:08  Stalker  
  65  7:12  Stalker  
  67  7:17  Stalker  
  69  7:23  Stalker x2  
  69  7:28  Stalker  
  75  7:31  Stalker  
  75  7:35  Stalker  
  79  7:49  Nexus  
  77  8:03  Probe  
  76  8:15  Stalker  
  76  8:16  Stalker x4  
  76  8:18  Protoss Ground Weapons Level 1 (Chrono Boost)  
  80  8:37  Probe x2  
  80  8:39  Pylon  
  80  8:40  Pylon  
  68  8:51  Stalker x2  
  68  8:52  Stalker x3  
  68  8:53  Probe  
  68  8:54  Probe  
  80  8:59  Stalker, Assimilator  
  82  9:03  Assimilator, Probe  
  82  9:06  Shield Battery, Probe x2  
  82  9:09  Shield Battery  
  85  9:15  Probe  
  85  9:16  Stalker x2  
  90  9:18  Probe  
  90  9:19  Probe  
  92  9:36  Zealot x2  
  92  9:37  Zealot x2  
  100  9:44  Gateway, Pylon  
  100  9:45  Forge  
  100  9:47  Sentry x2  
  100  9:48  Pylon  
  104  9:56  Photon Cannon, Probe x2  
  104  9:59  Zealot x2  
  111  10:01  Zealot  
  111  10:04  Zealot  
  114  10:09  Gateway  
  114  10:19  Zealot x2  
  114  10:20  Zealot  
  120  10:23  Zealot  
  120  10:26  Zealot  
  122  10:30  Zealot  
Show
View Real Time Build Order
Export as new Build Order

tyty Terran 

Build Orders: Cyclone Opening, MMM Bio 

Get SALT Encoding   

  12  0:01  SCV  
  13  0:13  SCV  
  14  0:20  Supply Depot  
  14  0:25  SCV  
  15  0:42  SCV  
  16  0:44  Barracks  
  16  0:48  Refinery  
  16  0:54  SCV  
  17  1:06  SCV  
  18  1:18  SCV  
  20  1:34  Orbital Command  
  20  1:35  Reaper  
  20  1:44  Command Center  
  20  1:56  Supply Depot  
  20  2:00  SCV  
  21  2:07  Marine  
  22  2:10  Factory  
  22  2:13  SCV  
  23  2:18  Refinery  
  23  2:25  SCV  
  23  2:29  Barracks Reactor  
  24  2:37  SCV  
  25  2:49  SCV  
  26  2:55  Cyclone  
  28  3:03  Orbital Command  
  28  3:05  Marine x2  
  28  3:08  SCV  
  31  3:23  Marine x2  
  31  3:25  SCV  
  34  3:27  Cyclone  
  37  3:38  Orbital Command  
  34  3:42  Engineering Bay  
  34  3:43  Marine x2  
  34  3:56  SCV  
  34  4:01  Supply Depot, Marine x2  
  37  4:03  Cyclone  
  40  4:15  Missile Turret  
  38  4:17  Supply Depot  
  38  4:22  Marine  
  38  4:28  SCV  
  38  4:29  SCV  
  40  4:44  Cyclone  
  40  4:45  Starport  
  43  4:49  Barracks Tech Lab  
  43  4:52  SCV x2  
  38  5:05  SCV x2  
  40  5:26  Siege Tank  
  44  5:38  Viking  
  45  5:48  SCV x2  
  45  5:49  Barracks  
  47  5:51  Barracks Tech Lab  
  47  5:58  Siege Tank  
  47  6:02  Barracks  
  50  6:04  Barracks  
  50  6:05  Barracks  
  50  6:09  Viking  
  50  6:10  Marine  
  50  6:20  Orbital Command, SCV  
  51  6:30  Barracks Tech Lab  
  51  6:33  SCV  
  52  6:40  Barracks Reactor  
  52  6:42  Factory Reactor  
  52  6:45  Missile Turret x2, SCV  
  54  6:47  SCV  
  54  6:55  Stimpack  
  54  6:57  Supply Depot  
  54  6:58  Supply Depot, Barracks Reactor, Barracks Tech Lab  
  54  6:59  Barracks Tech Lab  
  54  7:04  Supply Depot  
  54  7:06  Refinery  
  54  7:18  Supply Depot  
  54  7:19  SCV x2, Marine  
  54  7:21  Marine x4  
  61  7:28  Supply Depot  
  61  7:31  SCV x2  
  61  7:32  Medivac  
  61  7:36  Marine  
  66  7:37  Refinery  
  66  7:38  Marine x2  
  66  7:39  Marine x2  
  66  7:40  Medivac  
  66  7:42  Marine x2  
  66  7:43  SCV  
  75  7:47  SCV  
  76  7:54  Marine  
  76  7:55  Terran Infantry Armor Level 1, SCV  
  76  7:56  Marine x3  
  75  8:03  Marine x2  
  75  8:04  Marine  
  76  8:05  SCV  
  76  8:06  Medivac  
  76  8:07  SCV  
  76  8:10  Medivac  
  76  8:12  Missile Turret  
  75  8:17  Marine  
  75  8:18  Marine x2  
  72  8:24  SCV x2  
  72  8:25  Marine x2  
  69  8:34  Marine x2  
  69  8:39  Marine  
  66  8:43  SCV x2  
  66  8:44  Marine  
  62  8:53  Marine x2  
  66  8:56  Marauder x2  
  66  9:00  Barracks Tech Lab  
  68  9:03  Marine x2  
  68  9:04  Combat Shields  
  68  9:06  Concussive Shells  
  72  9:12  SCV x2  
  72  9:16  Marine x2  
  74  9:22  Marauder x2  
  76  9:27  SCV x2  
  65  9:35  Marauder  
  66  9:38  Marine x2  
  66  9:43  Marauder x2  
  72  9:47  Marine x2  
  74  9:56  Marauder, Marine x2  
  78  10:00  Medivac  
  78  10:04  Marine  
  78  10:05  Marauder x2, Marine  
  86  10:07  SCV x2  
  88  10:14  Marine  
  88  10:18  Marauder  
Tags
 
Add a new tag
Caveats
  • Supply blocks, unpowered buildings, or Contaminate may cause inaccurate times.
  • Supply counts are checked every 10 seconds.